 Dungeon Crawl Stone Soup version 0.29.0-13-gc9e81de378 (webtiles) character file.

Game seed: 6025092008692947935

47 Strat the Sneak (level 3, -1/18 HPs)
             Began as a Vine Stalker Brigand on Sept 10, 2022.
             Slain by a jelly (3 damage)
             ... on level 2 of the Dungeon.
             The game lasted 00:01:33 (1123 turns).

Strat the Sneak (Vine Stalker Brigand)              Turns: 1123, Time: 00:01:33

Health: -1/18      AC: -5    Str: 13    XL:     3   Next: 70%
Magic:  0/4        EV: 11    Int: 11    God:
Gold:   80         SH:  0    Dex: 17    Spells: 2/2 levels left

rFire   . . .      SeeInvis .   a - +2 dagger
rCold   . . .      Faith    .   (no shield)
rNeg    . . .      Spirit   +   b - +0 robe
rPois   .          Reflect  .   (no helmet)
rElec   .          Harm     .   c - +0 cloak
rCorr   .          Rampage  .   (no gloves)
Will    .....                   (no boots)
Stlth   +++.......              (no amulet)
HPRegen 0.06/turn               (no ring)
MPRegen 0.09/turn               (no ring)

@: corroded
A: fangs 2, magic shield, antimagic bite, no potion heal 2
a: no special abilities


You were on level 2 of the Dungeon.
You visited 1 branch of the dungeon, and saw 2 of its levels.

You collected 80 gold pieces.

Inventory:

Hand Weapons
 a - a +2 dagger (weapon)
Missiles
 d - 15 poisoned darts (quivered)
 e - 3 curare-tipped darts
Armour
 b - a +0 robe (worn)
 c - a +0 cloak (worn)
Scrolls
 j - 3 scrolls of identify {unknown}
 k - 3 scrolls of vulnerability {unknown}
Potions
 f - 3 potions of ambrosia {unknown}
 g - a potion of might {unknown}
 h - a potion of degeneration {unknown}
 i - 2 potions of curing {unknown}


   Skills:
 - Level 1.7 Fighting
 + Level 2.8 Short Blades
 - Level 1.7 Throwing
 - Level 0.7 Dodging
 + Level 5.8 Stealth


You had 2 spell levels left.
You didn't know any spells.
Your spell library was empty.

Dungeon Overview and Level Annotations

Branches:
Dungeon (2/15)

Altars:

Shops:
D:1 =

Annotations:
D:2 Natasha


Innate Abilities, Weirdness & Mutations

You have extremely sharp teeth.
When hurt, damage is shared between your health and your magic reserves.
Your bite disrupts and absorbs the magic of your enemies.
Potions cannot restore your health.


Message History

The endoplasm is heavily wounded.
The endoplasm closely misses you.
You hit the endoplasm. You bite the endoplasm.
You kill the endoplasm!
No target in view!
Found a spear.
Found 3 stones.
A quokka comes into view.
Found an emerald potion.
A worm comes into view.
Found 3 scrolls labelled ZOKKYU AROP.
The helpless quokka fails to defend itself.
You impale the quokka!!
You kill the quokka!
The helpless worm fails to defend itself.
You stick the worm like a pincushion!!!
You kill the worm!
No target in view!
f - 3 emerald potions (gained 1)
k - 3 scrolls labelled ZOKKYU AROP You now have 80 gold pieces (gained 9).
A jelly comes into view.
Natasha, Servant of Life and Death comes into view.
The jelly quivers.
You see here 15 gold pieces.
A kobold comes into view. It is wielding a +0 whip.
An adder comes into view.
Found a grey potion.
The jelly hits you. The acid corrodes you!
You are splashed with acid!
* * * LOW HITPOINT WARNING * * *
You are too injured to fight recklessly!
The jelly attacks as you move away! The jelly barely misses you.
The jelly jiggles.
The jelly attacks as you move away! The jelly barely misses you.
The jelly attacks as you move away! The jelly hits you.
* * * LOW HITPOINT WARNING * * *
The acid corrodes you!
You are splashed with acid!
* * * LOW HITPOINT WARNING * * *
The jelly attacks as you move away! The jelly hits you.
You die...

.......#####..#
##### #.#...#
#.## #.... #...
#.# #.### ....
#.# #.# ..##.
#.# #.### . #
#.# #.... #.#
##### #J# #@#
#<# #.# #.# #.#
## #########.#
#. ......[...#
... #######.###
# #. ... #.#
.#.# ##


You could see a jelly.

Vanquished Creatures
  An adder (D:2)
  A worm (D:2)
  A dart slug (D:1)
  3 ball pythons (D:1)
  5 bats (D:1)
  4 endoplasms
  2 giant cockroaches (D:1)
  2 goblins (D:1)
  A hobgoblin (D:1)
  2 jackals (D:1)
  2 quokkas
  3 frilled lizards (D:1)
  3 kobolds (D:1)
  A rat (D:2)
31 creatures vanquished.

Notes
Turn   | Place    | Note
-------+----------+-------------------------------------------
     0 | D:1      | Strat the Vine Stalker Brigand began the quest for the Orb.
     0 | D:1      | Reached XP level 1. HP: 11/11 MP: 2/2
    88 | D:1      | Found a faded altar of an unknown god.
   110 | D:1      | Reached skill level 5 in Stealth
   184 | D:1      | Reached XP level 2. HP: 15/15 MP: 3/3
   647 | D:1      | Reached XP level 3. HP: 18/18 MP: 4/4
   672 | D:1      | Found Ehiock's Jewellery Boutique.
  1106 | D:2      | Noticed Natasha
  1123 | D:2      | Slain by a jelly

Illustrated notes

Levels and vault maps discovered:
D:1:      lightli_arrival_isolated_outpost, layout_loops_ring,
          ebering_ecumenical_altar_hall, serial_shops, nicolae_shop_crystal,
          minmay_misc_feat_tiny
D:2:      layout_loops_ring, st_stairs_6, uniq_natasha

Skill      XL: |  1 |
---------------+----+-----
Short Blades   | 2 |  2.8
Stealth        | 5 |  5.8
Fighting       | |  1.7
Throwing       | |  1.7
Dodging        | |  0.7

Action                   || total
-------------------------++-------
Melee: Dagger            ||    68
       Bite              ||    18
 Stab: Sleeping          ||    12
Armor: Robe              ||    18
Dodge: Dodged            ||    32
